 Dungeon Crawl Stone Soup version 0.31-a0-819-gf6de2f5ab6 (webtiles) character file.

Game seed: 5925589833402345595

387 dialectric the Sneak (level 6, 0/43 HPs)
             Began as an Octopode Fighter on Sept 23, 2023.
             Splashed by a jelly's acid (5 damage)
             ... on level 4 of the Dungeon.
             The game lasted 00:02:23 (3122 turns).

dialectric the Sneak (Octopode Fighter)             Turns: 3122, Time: 00:02:24

Health: 0/43       AC: -15   Str: 16    XL:     6   Next: 78%
Magic:  6/6        EV: 14    Int: 10    God:
Gold:   291        SH:  5    Dex: 13    Spells: 5/5 levels left

rFire   . . .        a - +0 trident
rCold   . . .        b - +0 buckler
rNeg    . . .        (helmet restricted)
rPois   .            (no amulet)
rElec   .            (no ring)
rCorr   .            (no ring)
SInv    .            (no ring)
Will    .....        (no ring)
Stlth   ++++         (no ring)
HPRegen 0.27/turn    (no ring)
MPRegen 0.10/turn    (no ring)
                     (no ring)

%: no passive effects
@: corroded
A: almost no armour, amphibious, 8 rings, camouflage 1, gelatinous body 1,
(nimble swimmer 1), tentacles
a: no special abilities


You were on level 4 of the Dungeon.
You visited 1 branch of the dungeon, and saw 4 of its levels.

You collected 291 gold pieces.

Inventory:

Hand Weapons
 a - a +0 trident (weapon)
 l - a +0 spear of venom
Missiles
 d - 8 poisoned darts (quivered)
Armour
 b - a +0 buckler (worn)
Jewellery
 r - a +5 ring of evasion
 u - a ring of positive energy
Wands
 w - a wand of mindburst (9)
 x - a wand of digging (7)
Scrolls
 f - 2 scrolls of vulnerability {unknown}
 k - 3 scrolls of identify {unknown}
 n - a scroll of poison {unknown}
 o - 2 scrolls of teleportation {unknown}
 q - a scroll of enchant weapon {unknown}
 s - 4 scrolls of fear {unknown}
 v - 2 scrolls of immolation {unknown}
Potions
 c - a potion of might
 e - a potion of berserk rage {unknown}
 g - a potion of cancellation {unknown}
 h - 2 potions of mutation {unknown}
 i - 2 potions of curing {unknown}
 j - 2 potions of lignification {unknown}
 m - a potion of attraction {unknown}
 p - 2 potions of enlightenment {unknown}
 t - a potion of brilliance {unknown}


   Skills:
 * Level 3.9 Fighting
 + Level 4.3 Polearms
 + Level 3.9 Dodging
 + Level 4.8 Stealth
 + Level 3.5 Shields


You had 5 spell levels left.
You didn't know any spells.
Your spell library contained the following spells:

 Spells                   Type           Power      Damage    Failure   Level
 Apportation              Tloc           0%         N/A       43%         1
 Freeze                   Ice            0%         1d3       43%         1
 Kiss of Death            Conj/Necr      0%         2d5       43%         1
 Magic Dart               Conj           0%         1d3       43%         1
 Jinxbite                 Hex            0%         N/A       58%         2
 Searing Ray              Conj           0%         2d4       58%         2
 Confusing Touch          Hex            0%         N/A       82%         3
 Frozen Ramparts          Ice            0%         1d1       82%         3
 Hailstorm                Conj/Ice       0%         3d3       82%         3
 Summon Guardian Golem    Hex/Summ       0%         N/A       82%         3
 Animate Dead             Necr           0%         N/A       99%         4
 Dispel Undead            Necr           0%         3d6       99%         4
 Fulminant Prism          Conj/Hex       0%         3d5       99%         4
 Alistair's Intoxication  Tmut/Pois      0%         N/A       100%        5
 Iskenderun's Battlesphe  Conj           0%         2d6       100%        5
 Bombard                  Conj/Erth      0%         9d1       100%        6
 Haunt                    Necr/Summ      0%         N/A       100%        7
 Orb of Destruction       Conj           0%         9d5       100%        7
 Spellforged Servitor     Conj/Summ      0%         N/A       100%        7
 Infestation              Necr           0%         N/A       100%        8


Dungeon Overview and Level Annotations

Branches:
Dungeon (4/15)
 Temple: D:4-7

Altars:
Elyvilon
Zin
The Shining One


Innate Abilities, Weirdness & Mutations

You cannot wear most types of armour.
You are amphibious.
You can wear up to eight rings at the same time.
Your skin changes colour to match your surroundings (Stealth+).
Your rubbery body absorbs attacks. (AC +1, EV +1)
((You are camouflaged when in or above water. (Stealth+)))
You have tentacles for arms and can constrict up to eight enemies at once.


Message History

The endoplasm is lightly wounded.
You puncture the endoplasm!
You kill the endoplasm!
You reach to attack!
You hit the scorpion but do no damage. The scorpion closely misses you.
You closely miss the scorpion. You grab the scorpion. You squeeze the scorpion.
The scorpion is lightly wounded.
You constrict the scorpion. The scorpion stings you.
You puncture the scorpion!
The scorpion is almost dead.
You constrict the scorpion. The jelly closely misses you.
You block the scorpion's attack. You block the jelly's attack.
You block the scorpion's attack.
You hit the scorpion.
You kill the scorpion!
You block the jelly's attack.
You puncture the jelly! The acid corrodes you!
Your tentacles burn!
The jelly is heavily wounded.
You block the jelly's attack.
You hit the jelly but do no damage. The acid corrodes you!
Your tentacles burn!
The jelly is heavily wounded.
The jelly closely misses you.
You hit the jelly.
Your tentacles burn!
The jelly is severely wounded.
The jelly hits you. The acid corrodes you!
You are splashed with acid!
You barely miss the jelly.
The jelly is severely wounded.
You block the jelly's attack.
You completely miss the jelly. You squeeze the jelly.
The jelly is almost dead.
The jelly hits you. The acid corrodes you!
You are splashed with acid!
The jelly hits you.
You are splashed with acid!
* * * LOW HITPOINT WARNING * * *
You are too injured to fight recklessly!
You are too injured to fight recklessly!
You are too injured to fight recklessly!
You are too injured to fight recklessly!
You are too injured to fight recklessly!
You hit the jelly but do no damage.
Your tentacles burn!
You die...

......## #............
......# #..............
..)...# ##..............
......# #...............
......###...............
#.......................
..######................
.## ##......!........ ##
##......@J...... #
##............# #
##...........# ##
##......#..## .#
########..# .# ##.# .##
##..## ..# ##..<.# ..#
##...#..#


You could see a jelly.

Vanquished Creatures
  A black bear (D:4)
  A phantom (D:4)
  A scorpion (D:4)
  A jelly (D:4)
  4 gnolls
  2 adders (D:4)
  A worm (D:2)
  5 orcs (D:4)
  6 endoplasms
  2 giant cockroaches
  7 goblins
  10 hobgoblins
  7 jackals
  5 kobolds
  2 quokkas
  9 ball pythons
  6 bats
  7 rats
77 creatures vanquished.

Notes
Turn   | Place    | Note
-------+----------+-------------------------------------------
     0 | D:1      | dialectric the Octopode Fighter began the quest for the
                  | Orb.
     0 | D:1      | Reached XP level 1. HP: 16/16 MP: 1/1
   155 | D:1      | Reached XP level 2. HP: 21/21 MP: 2/2
   319 | D:1      | Reached XP level 3. HP: 22/26 MP: 3/3
  1357 | D:2      | Reached XP level 4. HP: 21/31 MP: 4/4
  1831 | D:3      | Reached skill level 1 in Stealth
  2292 | D:3      | Found a glowing silver altar of Zin.
  2301 | D:3      | Found a white marble altar of Elyvilon.
  2303 | D:3      | Found a glowing golden altar of the Shining One.
  2534 | D:4      | Noticed a black bear
  2539 | D:4      | Killed a black bear
  2540 | D:4      | Reached XP level 5. HP: 29/36 MP: 5/5
  2591 | D:4      | Reached XP level 6. HP: 38/43 MP: 6/6
  3122 | D:4      | Splashed by a jelly's acid

Illustrated notes

Levels and vault maps discovered:
D:1:      matt_arrival_spirals, layout_basic, serial_park_tiny_1
D:2:      layout_loops_cross, hangedman_decor_growths
D:3:      layout_loops_ring, good_gods_temple_1, serial_bayou_pond_d,
          minmay_misc_feat_encased, chequers_serial_rivers_room_a,
          amethyst_killhole, minmay_quantized
D:4:      layout_cave_pods, minmay_between

Skill      XL: |  1  2  3  4  5  6 |
---------------+-------------------+-----
Polearms       | 3 4 |  4.3
Stealth        | 3 4 |  4.8
Fighting       | |  3.9
Dodging        | |  3.9
Shields        | |  3.5

Action                     |  1- 3 |  4- 6 || total
---------------------------+-------+-------++-------
  Melee: Trident           |    38 |    32 ||    70
         Constrict         |    19 |    16 ||    35
         Tentacles         |    11 |    17 ||    28
         Spear             |    31 |    92 ||   123
         Punch             |       |     1 ||     1
   Stab: Sleeping          |     2 |    23 ||    25
 Armour: Skin              |    17 |    28 ||    45
  Dodge: Dodged            |    31 |    42 ||    73
  Block: Buckler           |     8 |    16 ||    24

Table legend: (Time is in decaauts)
 A = Elapsed time spent in this place.
 B = Non-inter-level travel time spent in this place.
 C = Inter-level travel time spent in this place.
 D = Time resting spent in this place.
 E = Time spent auto-exploring this place.
 F = Levels seen in this place.
 G = Mean time per level.
                   A        B        C        D        E       F      G
               +--------+--------+--------+--------+--------+-----+--------+
         Total |   3132 |   2980 |    152 |      0 |   2491 |   4 |  783.0 |
       Dungeon |   3132 |   2980 |    152 |      0 |   2491 |   4 |  783.0 |
               +--------+--------+--------+--------+--------+-----+--------+

Top non-repeatable levels by time:
     D:1: 849 daAuts
     D:2: 813 daAuts
     D:3: 768 daAuts
     D:4: 701 daAuts
